 Dungeon Crawl Stone Soup version 0.25-a0-705-ge9988fc0fb (webtiles) character file.

Game seed: 972905141201112446, levelgen mode: deterministic

240 Maedhros the Sneak (level 6, -10/38 HPs)
             Began as an Octopode Artificer on Apr 4, 2020.
             Mangled by a gnoll
             ... wielding a +0 halberd
              (11 damage)
             ... on level 2 of the Dungeon.
             The game lasted 00:02:48 (1614 turns).

Maedhros the Sneak (Octopode Artificer)             Turns: 1614, Time: 00:02:48

Health: -10/38     AC:  3    Str: 12    XL:     6   Next: 8%
Magic:  10/10      EV: 13    Int: 13    God:
Gold:   177        SH:  0    Dex: 14    Spells: 5/5 levels left

rFire    . . .     SeeInvis .   t - +4 morningstar
rCold    . . .     Gourm    .   (no shield)
rNeg     . . .     Faith    .   o - +2 hat
rPois    +         Spirit   .   (no amulet)
rElec    .         Reflect  .   r - ring of poison resistance
rCorr    .         Harm     .   (no ring)
MR       .....                  (no ring)
Stlth    ++++......             (no ring)
HPRegen  0.12/turn              (no ring)
MPRegen  0.12/turn              (no ring)
                                (no ring)
                                (no ring)

@: no status effects
A: almost no armour, stealthy swim, amphibious, 8 rings, constrict 8, camouflage
1, gelatinous body 1
a: no special abilities


You were on level 2 of the Dungeon.
You were not hungry.

You visited 1 branch of the dungeon, and saw 2 of its levels.

You collected 177 gold pieces.

Inventory:

Hand Weapons
 a - a +0 short sword
 t - a +4 morningstar (weapon)
 u - a +4 long sword of freezing
Missiles
 h - 8 poisoned darts (quivered)
Armour
 o - a +2 hat (worn)
Jewellery
 r - a ring of poison resistance (left tentacle)
 v - an uncursed ring of protection from cold {unknown}
Wands
 b - a wand of flame (4)
 c - a wand of enslavement (14)
 d - a wand of random effects (14)
Scrolls
 i - a scroll of immolation {unknown}
 k - 2 scrolls of teleportation {unknown}
 l - 2 scrolls of identify {unknown}
 n - 2 scrolls of remove curse {unknown}
 q - 3 scrolls of random uselessness {unknown}
 s - 2 scrolls of enchant armour {unknown}
Potions
 e - a potion of stabbing {unknown}
 g - a potion of cancellation {unknown}
 j - a potion of brilliance {unknown}
 m - a potion of flight {unknown}
 p - a potion of curing
 w - a potion of mutation {unknown}
 x - a potion of magic {unknown}
Comestibles
 f - 5 rations


   Skills:
 - Level 1.0 Fighting
 - Level 1.0 Short Blades
 * Level 1.6 Maces & Flails
 - Level 2.0 Dodging
 + Level 5.6 Stealth
 + Level 5.4 Evocations


You had 5 spell levels left.
You didn't know any spells.
Your spell library was empty.

Dungeon Overview and Level Annotations

Branches:
Dungeon (2/15)

Altars:
Nemelex Xobeh


Innate Abilities, Weirdness & Mutations

You cannot wear most types of armour.
You are very stealthy in the water. (Stealth+)
You are amphibious.
You can wear up to eight rings at the same time.
You can use your tentacles to constrict eight enemies at once.
Your skin changes colour to match your surroundings (Stealth+).
Your rubbery body absorbs attacks. (AC +1, EV +1)


Message History

The puff of flame hits the gnoll.
The gnoll is moderately wounded.
The gnoll barely misses you. The gnoll misses you.
Evoke which item? (* to show all) (? for menu, Esc to quit)
Aiming: Throw Flame
Press: ? - help, Shift-Dir - straight line, f/p - gnoll
Aim: a gnoll, wielding a +0 halberd (moderately wounded)
The puff of flame hits the gnoll!
The gnoll is almost dead.
The gnoll hits you with a +0 whip!
* * * LOW HITPOINT WARNING * * *
The gnoll hits you from afar with a +0 halberd!
* * * LOW HITPOINT WARNING * * *
Evoke which item? (* to show all) (? for menu, Esc to quit)
Aiming: Throw Flame
Press: ? - help, Shift-Dir - straight line, f/p - gnoll
Aim: a gnoll, wielding a +0 halberd (almost dead)
The puff of flame misses the gnoll.
The gnoll closely misses you.
The gnoll hits you from afar with a +0 halberd!
You die...

#.# #<.# #.# #.#
#..##########.# #.#
##...........[.#
#.######....###########
#.##.%.......#
#.##.........#
#.##.......#..#
#.##...g)..##.##
#.##....g@.##..#
#.##...........##
#.########......#
#.#......'......# ####
#....#####......## #...
########....# #.......#
#.## .......'....#
#.....#.# #.#.
########....# #.....#.#
#.#. #....# #.....#.##
#.#.


You could see 2 gnolls.

Vanquished Creatures
  4 wights (D:2)
  5 gnolls (D:2)
  An adder (D:2)
  An ooze (D:1)
  2 worms (D:2)
  2 dart slugs
  2 leopard geckos (D:2)
  2 giant cockroaches (D:1)
  4 goblins
  4 hobgoblins
  4 bats (D:1)
  A frilled lizard (D:1)
  5 kobolds
  7 rats
44 creatures vanquished.

Vanquished Creatures (others)
  A wight (D:2)
1 creature vanquished.

Grand Total: 45 creatures vanquished

Notes
Turn   | Place    | Note
-------+----------+-------------------------------------------
     0 | D:1      | Maedhros the Octopode Artificer began the quest for the
                  | Orb.
     0 | D:1      | Reached XP level 1. HP: 13/13 MP: 3/3
   128 | D:1      | Reached XP level 2. HP: 16/18 MP: 4/4
   647 | D:1      | Reached XP level 3. HP: 15/23 MP: 5/5
  1034 | D:2      | Reached XP level 4. HP: 21/28 MP: 7/7
  1068 | D:2      | Reached XP level 5. HP: 28/33 MP: 8/8
  1087 | D:2      | Reached skill level 5 in Stealth
  1087 | D:2      | Reached skill level 5 in Evocations
  1252 | D:2      | Found a sparkling altar of Nemelex Xobeh.
  1340 | D:2      | Reached skill level 1 in Maces & Flails
  1566 | D:2      | Reached XP level 6. HP: 34/38 MP: 10/10
  1613 | D:2      | HP: 1/38 [gnoll/+0 halberd (9)]
  1614 | D:2      | Mangled by a gnoll

Levels and vault maps discovered:
D:1:      saegor_arrival_simple_a, layout_basic, minmay_pentomino_v2
D:2:      lemuel_upstairs_altar, layout_basic, nicolae_overflow_hidden_temple,
          lemuel_crystal_altar

Skill      XL: |  1  2  3  4  5 |
---------------+----------------+-----
Stealth        | 2 3 4 5 |  5.6
Evocations     | 4 5 |  5.4
Maces & Flails | 1 |  1.6
Fighting       | |  1.0
Short Blades   | |  1.0
Dodging        | |  2.0

Action                   |  1- 3 |  4- 6 || total
-------------------------+-------+-------++-------
Melee: Short sword       |    44 |     5 ||    49
       Constrict         |    10 |     8 ||    18
       Tentacles         |     8 |     3 ||    11
       Morningstar       |       |    29 ||    29
Evoke: Wand              |     3 |    10 ||    13
 Stab: Sleeping          |       |     5 ||     5
       Distracted        |       |     1 ||     1
  Eat: Chunk             |       |     2 ||     2
Armor: Skin              |     6 |     5 ||    11
Dodge: Dodged            |    30 |    19 ||    49

Table legend:
 A = Non-vault XP
 B = Vault XP
 C = Vault XP percentage of total XP
 D = Non-vault monster count
 E = Vault monster count
 F = Vault count percentage of total count
                 A         B        C        D         E       F
            +---------+---------+-------+---------+---------+-------
      Total |     342 |       1 |   0.3 |      43 |       1 |   2.3
            +---------+---------+-------+---------+---------+-------
        D:1 |      39 |       1 |   2.5 |      20 |       1 |   4.8
        D:2 |     303 |       0 |   0.0 |      23 |       0 |   0.0
            +---------+---------+-------+---------+---------+-------
